[Event "*** Titled Tuesday Blitz"]
[Site "Chess.com"]
[Date "2020.05.05"]
[Round "3"]
[White "Borsuk_Konstantin"]
[Black "SantoBlue"]
[Result "0-1"]
[WhiteElo "2626"]
[BlackElo "2879"]
[TimeControl "180+1"]
[EndTime "10:29:45 PDT"]
[Termination "SantoBlue won on time"]

1. d4 d6 2. c4 e5 3. Nf3 exd4 4. Nxd4 g6 5. h4 Nf6 6. Nc3 Bg7 7. Bg5 h6 8. Bf4 Nc6 9. Nxc6 bxc6 10. Qd2 Be6 11.
e4 Nd7 12. Rc1 Rb8 13. b3 Ne5 14. Be2 c5 15. f3 Nc6 16. Bd3 Nd4 17. Ne2 Nc6 18.
Kf2 Qe7 19. g3 Ne5 20. Bc2 Qf6 21. Ng1 Kd7 22. Kg2 Rbg8 23. Be3 Nc6 24. Bxc5 g5 25. h5 a5 26. Be3 Nb4 27. Bd1 Qe5 28. Ne2 Nc6 29.
c5 g4 30. Nf4 gxf3+ 31. Bxf3 Nd4 32. cxd6 cxd6 33. Bxd4 Qxd4 34. Qxa5 Rc8 35. Qb5+ Ke7 36. Qb7+ Kf6 37. Rcf1 Rc2+ 38. Ne2 Qe3 39. Bg4+ Kg5 40.
Qb5+ Be5 0-1

[Event "*** Titled Tuesday Blitz"]
[Site "Chess.com"]
[Date "2020.05.05"]
[Round "3"]
[White "Rodalquilar"]
[Black "MarcoCorvi"]
[Result "1-0"]
[WhiteElo "2640"]
[BlackElo "2239"]
[TimeControl "180+1"]
[EndTime "10:29:45 PDT"]
[Termination "Rodalquilar won by resignation"]

1. e4 c5 2. Nc3 g6 3. d4 cxd4 4.
Qxd4 Nf6 5. Bb5 a6 6. e5 axb5 7. exf6 exf6 8. Nd5 Be7 9. Bh6 Nc6 10. Qe3 Ne5 11. h3 Qa5+ 12. c3 b4 13. Nxe7 bxc3 14. bxc3 Kxe7 15. f4 Re8 16. fxe5 Kd8 17. Nf3 fxe5 18.
Bg5+ Kc7 19. O-O Ra6 20. Nd2 f5 21. Nb3 Qb6 22. Qxb6+ Rxb6 23. c4 Rc6 24. c5 b6 25.
cxb6+ Kxb6 26. Be3+ Kc7 27. Na5 Rc2 28. Rfc1 Rxc1+ 29. Rxc1+ Kd8 30. Bc5 d5 31. Bb6+ Kd7 32. Rc7+ Ke6 33.
Rxh7 d4 34. Rg7 d3 35. Rxg6+ Kd5 36. Bc7 Be6 37. Nb3 e4 38. Kf2 f4 39. Rg5+ Kc6 40. Rc5+ Kd7 41. Bxf4 Bxb3 42. axb3 Rf8 43. g3 d2 44. Rd5+ Kc6 45. Rxd2 Kb5 46. Ke3 Kb4 47.
Rd4+ Kxb3 48. Rxe4 Kc3 49. h4 1-0

[Event "*** Titled Tuesday Blitz"]
[Site "Chess.com"]
[Date "2020.05.05"]
[Round "3"]
[White "dopolian"]
[Black "Vuk2000"]
[Result "0-1"]
[WhiteElo "2403"]
[BlackElo "2632"]
[TimeControl "180+1"]
[EndTime "10:29:46 PDT"]
[Termination "Vuk2000 won by resignation"]

1. e4 e6 2. d4 d5 3. Nd2 Be7 4. Ngf3 Nf6 5. Bd3 c5 6. dxc5 a5 7. Qe2 O-O 8. O-O Na6 9. e5 Nd7 10. Nd4 Ndxc5 11. f4 Nb4 12. N2f3 b6 13. Bb5 Ne4 14.
c3 Na6 15. Nc6 Bc5+ 16. Be3 Qc7 17. Ncd4 Nb8 18. a4 Bd7 19. Rad1 Bxb5 20. Qxb5 Nc6 21.
Kh1 Nxd4 22. Nxd4 Rfc8 23. Rf3 Bxd4 24. Bxd4 Qc4 25. Qxc4 Rxc4 26. Ra1 Nd2 27. Rd3 Nb3 28. Ra3 Nxd4 29. Rxd4 Rxd4 30. cxd4 Rc8 31. Rc3 Rxc3 32. bxc3 Kf8 33. Kg1 b5 34. axb5 Ke8 35. b6 Kd8 36. c4 a4 37. cxd5 exd5 38. f5 a3 39. b7 Kc7 40. e6 fxe6 41. fxe6 a2 0-1

[Event "*** Titled Tuesday Blitz"]
[Site "Chess.com"]
[Date "2020.05.05"]
[Round "3"]
[White "cassoulet"]
[Black "Kislov_Oleg"]
[Result "0-1"]
[WhiteElo "2583"]
[BlackElo "2331"]
[TimeControl "180+1"]
[EndTime "10:29:46 PDT"]
[Termination "Kislov_Oleg won on time"]

1. e4 e6 2. d4 d5 3. Bd3 Nf6 4.
e5 Nfd7 5. c3 c5 6. Ne2 Nc6 7.
Nd2 cxd4 8. cxd4 f6 9. exf6 Nxf6 10. Nf3 Bd6 11. O-O O-O 12. Ng3 Qc7 13. Bg5 e5 14. dxe5 Nxe5 15. Rc1 Qf7 16. Nxe5 Bxe5 17. Qe2 Bd6 18.
Qf3 Bg4 19. Qe3 b6 20. Nf5 Bc5 21. Qg3 Bxf5 22. Bxf5 Nh5 23. Bxh7+ Kxh7 24. Qh4 Kg8 25. b4 Bd6 26. a3 Nf4 27. Bxf4 Qxf4 28. Qh3 Rf6 29.
g3 Qf3 30. Rce1 Raf8 31. Qh4 Bf4 32. Qh3 Bd2 33. Re7 Bc3 34. Qh4 d4 35. Qg5 R6f7 36. Rxf7 Qxf7 0-1

[Event "*** Titled Tuesday Blitz"]
[Site "Chess.com"]
[Date "2020.05.05"]
[Round "3"]
[White "Kostya26"]
[Black "seastar"]
[Result "1-0"]
[WhiteElo "2431"]
[BlackElo "2144"]
[TimeControl "180+1"]
[EndTime "10:29:46 PDT"]
[Termination "Kostya26 won on time"]

1. d4 Nf6 2. Nf3 c5 3. e3 cxd4 4. exd4 g6 5. c3 Bg7 6. Be2 O-O 7. O-O d6 8. h3 Nbd7 9. Bf4 b6 10. Nbd2 Bb7 11.
Qb3 Rc8 12. a4 Ne4 13. a5 e5 14. Nxe4 Bxe4 15. dxe5 dxe5 16. Bg3 Nc5 17. Qa3 f6 18. Rfd1 Qc7 19. axb6 axb6 20. Qa7 Nb3 21. Qxc7 Rxc7 22. Ra6 Rb8 23. Nd2 Nxd2 24. Rxd2 Bf8 25. f4 Bb7 26.
Ra7 Bc5+ 27. Kh2 Re8 28. fxe5 fxe5 29. Bc4+ Kg7 30. Ba6 Ree7 31. Bxb7 Rxb7 32. Bxe5+ Kh6 33. Rxb7 Rxb7 34. b4 Be7 35. Bf4+ Kg7 36. Re2 Bf6 37. c4 Rd7 38. c5 bxc5 39. bxc5 1-0

[Event "*** Titled Tuesday Blitz"]
[Site "Chess.com"]
[Date "2020.05.05"]
[Round "3"]
[White "Bagirova"]
[Black "mc4chess"]
[Result "0-1"]
[WhiteElo "2191"]
[BlackElo "2448"]
[TimeControl "180+1"]
[EndTime "10:29:46 PDT"]
[Termination "mc4chess won by resignation"]

1. d4 Nf6 2. Nf3 e6 3. Bf4 b6 4. Nbd2 Bb7 5. e3 d6 6. Bd3 Nbd7 7. h3 g6 8. O-O Bg7 9. e4 O-O 10. Re1 Re8 11. c3 e5 12. Be3 exd4 13. Bxd4 Ne5 14.
Bxe5 dxe5 15. Nc4 Nd7 16. Ne3 Nc5 17. Bc2 Bxe4 18. Bxe4 Nxe4 19. Nc4 f5 20. Ncxe5 Bxe5 21. Nxe5 Rxe5 22. f3 Qxd1 23. Raxd1 Nxc3 24. bxc3 Rxe1+ 25. Rxe1 Kf7 26. Kf2 Rd8 27. Re2 Rd3 28. Rc2 c5 29. c4 Ke6 30. Ke2 Ra3 31. f4 h6 32. Kf2 Kf6 33. g3 g5 34. Rd2 gxf4 35. gxf4 Rxh3 36.
Rd7 Rh2+ 37. Kg3 Rxa2 38. Rd6+ Ke7 39. Rxh6 Rc2 40. Rh7+ Kf6 41. Rxa7 Rxc4 42. Rb7 Rb4 43. Rc7 Ke6 44. Rc6+ Kd5 45. Rf6 Rb3+ 46. Kh4 Ke4 47. Kg5 c4 48. Re6+ Kd5 49. Re5+ Kd6 50. Kxf5 c3 51. Re1 c2 52. Rc1 Rc3 53. Ke4 b5 54.
Kd4 b4 55. f5 Ke7 56. Ke4 Kf6 57. Kd4 Kxf5 58. Rf1+ Kg4 59. Rg1+ Kf3 60. Rc1 Ke2 61. Ra1 c1=Q 62. Rxc1 Rxc1 63. Kd5 b3 0-1

[Event "*** Titled Tuesday Blitz"]
[Site "Chess.com"]
[Date "2020.05.05"]
[Round "3"]
[White "bolence16"]
[Black "allvim"]
[Result "0-1"]
[WhiteElo "2139"]
[BlackElo "2341"]
[TimeControl "180+1"]
[EndTime "10:29:46 PDT"]
[Termination "allvim won by resignation"]

1. e4 c5 2. Nf3 d6 3. b4 cxb4 4. d4 Nf6 5. Bd3 e6 6. O-O Be7 7. a3 bxa3 8. Nxa3 O-O 9. h3 Nc6 10.
Qe2 e5 11. d5 Nb8 12. Be3 Nbd7 13. c4 b6 14. Nb5 a6 15. Rfb1 Nc5 16. Bxc5 bxc5 17.
Nc3 Nh5 18. Qb2 Nf4 19. Bf1 f5 20. Qb6 Qe8 21. Qc7 fxe4 22. Nxe4 Bf5 23. Nfd2 Rc8 24. Qa5 Qg6 25. Ng3 Bxb1 26. Rxb1 Bh4 27. Kh2 Nd3 28.
Bxd3 Qxd3 29. Rb3 Bxg3+ 30. fxg3 Qe2 31. Qxa6 Rcd8 32. Nf3 e4 33. Nh4 e3 34. Qa3 Rde8 35.
Qc1 Qf2 36. Kh1 e2 37. Nf3 Qf1+ 38. Qxf1 exf1=Q+ 39. Ng1 Re2 0-1

[Event "*** Titled Tuesday Blitz"]
[Site "Chess.com"]
[Date "2020.05.05"]
[Round "3"]
[White "hansen"]
[Black "Doraemon7"]
[Result "1-0"]
[WhiteElo "2954"]
[BlackElo "2651"]
[TimeControl "180+1"]
[EndTime "10:29:47 PDT"]
[Termination "hansen won by resignation"]

1. Nf3 d5 2. g3 g6 3. Bg2 Bg7 4. O-O e5 5. d3 Ne7 6. Nbd2 O-O 7. e4 Nbc6 8. exd5 Nxd5 9. c3 Re8 10. Re1 h6 11. Nc4 Nb6 12. Ne3 Be6 13. a4 a5 14.
Qc2 Qd7 15. Nd2 Rad8 16. Ne4 Qe7 17. b3 f5 18. Ba3 Qf7 19. Nc5 Bc8 20. Rad1 Kh7 21.
b4 axb4 22. Bxb4 Nxb4 23. cxb4 c6 24. a5 Nd5 25. Qb3 Re7 26. Nc4 Qe8 27. h4 Kh8 28. Re2 Kh7 29. Rde1 e4 30. dxe4 Nc3 31. Re3 Nxe4 32. Nxe4 fxe4 33. Bxe4 Be6 34. h5 Kh8 35. Bxg6 Qd7 36. Qc2 Rf8 37. Ne5 Qc7 38. Qc5 Bd5 39. Bc2 Re6 40. Ng6+ Rxg6 41. Bxg6 Bf6 42. Re8 Qg7 43.
Rxf8+ 1-0

[Event "*** Titled Tuesday Blitz"]
[Site "Chess.com"]
[Date "2020.05.05"]
[Round "3"]
[White "cholzan"]
[Black "OparinGrigoriy"]
[Result "0-1"]
[WhiteElo "2463"]
[BlackElo "2921"]
[TimeControl "180+1"]
[EndTime "10:29:47 PDT"]
[Termination "OparinGrigoriy won by resignation"]

1. d4 Nf6 2. c4 e6 3. g3 d5 4.
Bg2 dxc4 5. Nf3 Nc6 6. O-O a6 7. a4 Bd7 8. Ne5 Nxe5 9. dxe5 Nd5 10.
a5 Bc5 11. Na3 Bxa3 12. Rxa3 O-O 13. Qc2 Bb5 14. Bd2 Qe7 15. Rd1 Rfd8 16. Be1 Rab8 17.
Raa1 Nb4 18. Qc3 Nc6 19. Bd2 h6 20. Be3 Qb4 21. Qc2 Qb3 22. Qxb3 cxb3 23. Bxc6 Bxc6 24. Bd4 Rd5 25. e3 Rbd8 26. Rdc1 Rb5 27. Rc3 g5 28. h3 Rdd5 29. Ra3 Rxa5 30. Rcxb3 Rxa3 31. Rxa3 Rb5 32. Rd3 Be4 33. Rd2 Ra5 34. Rd1 Rd5 35. Rd2 Kf8 36. Kf1 c5 37. Bc3 Rxd2 38. Bxd2 Ke7 39.
Ba5 Kd7 40. Ke2 Bg2 41. h4 g4 42. h5 Be4 43. Kd2 b5 44. b4 Kc6 45. bxc5 Kxc5 46. Kc3 Bh7 47. Bb4+ Kd5 48. Bf8 Kxe5 49. Bxh6 Ke4 50.
Kb4 Kf3 51. Bf4 Kxf2 52. Kc5 f6 53. e4 e5 54. Bh6 Kxg3 55. Bg7 Kf4 56. Bxf6 g3 0-1

[Event "*** Titled Tuesday Blitz"]
[Site "Chess.com"]
[Date "2020.05.05"]
[Round "3"]
[White "MaxVavulin"]
[Black "Corpescador"]
[Result "0-1"]
[WhiteElo "2583"]
[BlackElo "2403"]
[TimeControl "180+1"]
[EndTime "10:29:47 PDT"]
[Termination "Corpescador won on time"]

1. e4 c5 2. Nf3 d6 3. d4 cxd4 4. Nxd4 Nf6 5. Nc3 a6 6. Qf3 g6 7. h3 h5 8. Be3 Nbd7 9. O-O-O Bg7 10. Kb1 Qc7 11. Rg1 Ne5 12. Qe2 b5 13. f4 Nc4 14.
Bc1 e5 15. Ndxb5 axb5 16. Nxb5 Qa5 17. Qxc4 O-O 18. Rxd6 exf4 19. e5 Ne4 20. Rxg6 Qe1 21. Rxg7+ Kxg7 22. Qe2 Qa5 23. a3 Bf5 24. Qxh5 Bg6 25.
Qh4 Rfb8 26. Qxf4 Rxb5 27. Bxb5 Qxb5 28. Ka1 Qd5 29. Rf1 Qd4 30. Kb1 Qc4 31. Re1 Kg8 32.
g4 Rc8 33. Qh2 Nc5 34. Re2 Nb3 35. Bg5 Nd4 36. Rd2 Nxc2 0-1

[Event "*** Titled Tuesday Blitz"]
[Site "Chess.com"]
[Date "2020.05.05"]
[Round "3"]
[White "chessuriel"]
[Black "PlayChessSimple"]
[Result "0-1"]
[WhiteElo "2209"]
[BlackElo "2485"]
[TimeControl "180+1"]
[EndTime "10:29:47 PDT"]
[Termination "PlayChessSimple won by resignation"]

1. e4 e6 2. d4 d5 3. Nd2 c5 4. c3 cxd4 5. cxd4 dxe4 6. Nxe4 Nf6 7. Bd3 Nxe4 8. Bxe4 Bb4+ 9. Bd2 Bxd2+ 10. Qxd2 O-O 11. Nf3 Nd7 12. Ne5 Nxe5 13. dxe5 Qc7 14. Qc3 Qxc3+ 15. bxc3 Bd7 16. O-O-O Bb5 17. Rd4 Rac8 18.
Kb2 Bc6 19. Bxc6 Rxc6 20. Rb4 b6 21. Rd1 Rfc8 22. Rb3 g5 23. Rd7 R6c7 24. Rxc7 Rxc7 25. Rb4 Kg7 26. h4 Kg6 27. hxg5 Kxg5 28. g3 Kf5 29. Rh4 Kxe5 30. Rxh7 Ke4 31. Rh4+ Kd3 32. Rf4 f5 33.
Rf3+ Ke2 34. Rf4 Rd7 35. Kb3 Rd2 36. a4 Kf1 37. Rd4 Rxd4 38. cxd4 Kxf2 39. Kc4 Kxg3 40. d5 exd5+ 41. Kxd5 f4 42. Kc6 f3 43. Kb7 f2 44.
Kxa7 f1=Q 45. Kxb6 Qc4 46. a5 Qb4+ 47. Ka6 Kf4 48. Ka7 Qxa5+ 0-1

[Event "*** Titled Tuesday Blitz"]
[Site "Chess.com"]
[Date "2020.05.05"]
[Round "3"]
[White "SahajGrover"]
[Black "turayev_shahruh17"]
[Result "0-1"]
[WhiteElo "2718"]
[BlackElo "2543"]
[TimeControl "180+1"]
[EndTime "10:29:48 PDT"]
[Termination "turayev_shahruh17 won on time"]

1. e4 e6 2. d4 d5 3. Nc3 Bb4 4. e5 Ne7 5. Bd2 b6 6. Qg4 O-O 7. a3 Bxc3 8. Bxc3 c5 9. Nf3 Ba6 10. Bxa6 Nxa6 11. h4 Rc8 12. h5 Nf5 13. h6 g6 14. Qf4 cxd4 15. Bd2 Rxc2 16. b4 Nc7 17. g4 Ne7 18. Rc1 d3 19. Rxc2 dxc2 20. Nd4 Qd7 21.
Nxc2 Rc8 22. Nd4 Ne8 23. Ke2 Nc6 24. Nf3 a5 25. b5 Na7 26. a4 Rc4 27. Qg5 Rxa4 28.
Rc1 Qxb5+ 29. Ke1 Re4+ 30. Be3 Rc4 31. Qe7 Qb4+ 32. Qxb4 axb4 0-1

[Event "*** Titled Tuesday Blitz"]
[Site "Chess.com"]
[Date "2020.05.05"]
[Round "3"]
[White "pandamaster3000"]
[Black "WonderChampion"]
[Result "1-0"]
[WhiteElo "2249"]
[BlackElo "1825"]
[TimeControl "180+1"]
[EndTime "10:29:49 PDT"]
[Termination "pandamaster3000 won by checkmate"]

1. e4 c5 2. Nf3 g6 3. d4 cxd4 4. Nxd4 Nc6 5. c4 Nf6 6. Nc3 Nxd4 7. Qxd4 d6 8. Bg5 Bg7 9. Qd2 O-O 10. f3 Be6 11. Rc1 a5 12. b3 Rc8 13. Be2 Nd7 14.
O-O Nc5 15. Kh1 Ra8 16. f4 a4 17. b4 Bxc3 18. Qxc3 Nxe4 19. Qd4 Nxg5 20. fxg5 a3 21. Bf3 Qd7 22. Rfd1 Rfc8 23. Rd2 Rc7 24. h4 Qa4 25. h5 Bf5 26. h6 e5 27. Qxd6 Rd7 28. Qf6 Kf8 29.
Qg7+ Ke7 30. Qxe5+ Kf8 31. Rxd7 Qxd7 32. Qh8+ Ke7 33. Qxa8 Qd2 34. Qxb7+ Kf8 35. Rg1 Qxg5 36. Qb8+ Ke7 37. Qe5+ Kd7 38. Rd1+ Kc8 39. Qc5+ Kb8 40. Qb6+ Kc8 41. Bb7+ Kb8 42. Bc6+ Kc8 43. Qb7# 1-0

[Event "*** Titled Tuesday Blitz"]
[Site "Chess.com"]
[Date "2020.05.05"]
[Round "3"]
[White "Anna_ChessMate"]
[Black "kreonx"]
[Result "1-0"]
[WhiteElo "2512"]
[BlackElo "2214"]
[TimeControl "180+1"]
[EndTime "10:29:50 PDT"]
[Termination "Anna_ChessMate won on time"]

1. d4 f5 2. c4 Nf6 3. Nc3 d6 4. Bg5 e6 5. Qc2 Be7 6. O-O-O Bd7 7. Bxf6 Bxf6 8. e4 fxe4 9. Nxe4 Nc6 10. Nf3 O-O 11. Kb1 Be8 12. a3 Bg6 13. Bd3 Kh8 14. Nxf6 Bxd3 15. Qxd3 Rxf6 16. Ka1 Qd7 17. h4 Qf7 18. h5 h6 19. Qb3 b6 20. Qb5 Ne7 21. d5 e5 22. Qb3 a5 23. Qc2 Rf8 24. Rd2 Rxf3 25. gxf3 Nf5 26. Rdd1 Nd4 27. Qg6 Qxg6 28. hxg6 Rxf3 29. Rh2 a4 30. Kb1 Kg8 31. Kc1 Kf8 32. Re1 Nb3+ 33. Kc2 Rf4 34. Kd3 Nc5+ 35. Kc3 Ne4+ 36.
Kb4 Nxf2 37. Kxa4 Rxc4+ 38. Kb5 Rc5+ 39. Ka6 Ng4 40. Rf1+ Nf6 41. Rd2 Ke7 42. b4 Rc3 43.
Kb7 Kd7 44. Rg2 Ke7 45. b5 Rc5 46. a4 e4 47. Ka6 Rc4 48. a5 Ra4 49. Kb7 Rxa5 50. Kc6 Ra7 51. Re2 Kd8 52. Rxf6 1-0

[Event "*** Titled Tuesday Blitz"]
[Site "Chess.com"]
[Date "2020.05.05"]
[Round "3"]
[White "Gandrade2"]
[Black "Nastya_Rakhmangulova"]
[Result "0-1"]
[WhiteElo "2013"]
[BlackElo "2296"]
[TimeControl "180+1"]
[EndTime "10:29:50 PDT"]
[Termination "Nastya_Rakhmangulova won by resignation"]

1. b3 e5 2. Bb2 Nc6 3. e3 Nf6 4. Bb5 Bd6 5. Bxc6 dxc6 6. d3 Bg4 7.
Ne2 Qd7 8. Nd2 O-O 9. e4 Rfe8 10. O-O b5 11. Qe1 Bc5 12. Kh1 Bxe2 13. Qxe2 Bd4 14. Bxd4 exd4 15. f4 Nd5 16. Rf2 Ne3 17. Nf1 Nd5 18. Qh5 Nf6 19. Qf3 a5 20. h3 a4 21.
g4 axb3 22. cxb3 Qe6 23. g5 Nd7 24. Re1 Nc5 25. Ng3 Ra3 26. Nf5 Qd7 27. Qg3 Rea8 28. Nh6+ Kh8 29. Ree2 gxh6 30. gxh6 Rg8 31. Qh4 Qd8 32.
Qh5 Qe7 33. Rg2 Raa8 34. f5 Nxd3 35. Qf3 Ne5 36. Qf4 Rxg2 37. Rxg2 Rg8 38. Rxg8+ Kxg8 39. Qg3+ Kf8 40. Qg7+ Ke8 41. Qh8+ Kd7 42. Qxh7 d3 43. Qg7 d2 44. Qg1 Qd6 45. Qd1 Qxh6 46. Qxd2+ Qxd2 0-1

[Event "*** Titled Tuesday Blitz"]
[Site "Chess.com"]
[Date "2020.05.05"]
[Round "3"]
[White "Charlottemillard17"]
[Black "CaptainTheTT"]
[Result "0-1"]
[WhiteElo "1428"]
[BlackElo "2224"]
[TimeControl "180+1"]
[EndTime "10:29:52 PDT"]
[Termination "CaptainTheTT won on time"]

1. e4 c5 2. Nf3 Nc6 3. Bb5 g6 4. Bxc6 dxc6 5. d4 cxd4 6. Nxd4 Bg7 7. Nb3 Qxd1+ 8. Kxd1 f5 9. N1d2 Nf6 10. Re1 fxe4 11. Nxe4 Nxe4 12. Rxe4 Bf5 13. Re2 Rd8+ 14. Ke1 b6 15.
Bg5 Rd7 16. Kf1 h6 17. Bc1 Rd1+ 18. Re1 Rxe1+ 19. Kxe1 Bxc2 20. Kd2 Bf5 21. f3 Kf7 22. g4 Rd8+ 23. Ke2 Bd3+ 24. Ke3 c5 25. h4 c4 26. Nd2 c3 27. Nb3 cxb2 28. Bxb2 Bxb2 29.
Rg1 Bc4 30. Rh1 Rd3+ 31. Kf4 e5+ 32. Kg3 Bd5 33. Rf1 e4 34. Kg2 exf3+ 35. Kg3 Be5+ 36. Kf2 Re3 37. Kxe3 Bg3 38. Nd2 f2 39. Ne4 Bxe4 40.
Kxe4 Bxh4 41. Kf3 Ke6 42. Ke4 b5 0-1

[Event "*** Titled Tuesday Blitz"]
[Site "Chess.com"]
[Date "2020.05.05"]
[Round "3"]
[White "lachesisQ"]
[Black "theblitzchamp"]
[Result "1-0"]
[WhiteElo "3085"]
[BlackElo "2675"]
[TimeControl "180+1"]
[EndTime "10:29:53 PDT"]
[Termination "lachesisQ won by checkmate"]

1. c4 Nf6 2. Nc3 d6 3. d4 e5 4. Nf3 Nbd7 5. e4 g6 6. Be2 Bg7 7. O-O O-O 8. Re1 exd4 9. Nxd4 Nc5 10. Bf1 Re8 11. f3 Bd7 12. Be3 Ne6 13. Qd2 Nh5 14. Rad1 Qh4 15. Nd5 c6 16. Nxe6 Bxe6 17. Bg5 Bd4+ 18. Qxd4 Qxg5 19. Nc7 Nf4 20. Nxa8 Rxa8 21. g3 Nh5 22. Qxd6 Re8 23. f4 Qa5 24. Qd2 Qxa2 25. Qc3 Qa6 26. f5 Bc8 27. c5 b5 28. g4 Ng7 29.
Rd6 Qb7 30. Qf6 gxf5 31. gxf5 Bxf5 32. Red1 Bg6 33. Rd8 Qc7 34. Rxe8+ Nxe8 35. Rd8 Kf8 36. Qh8+ Ke7 37. Rxe8+ Kd7 38. Bh3+ f5 39. exf5 Bxe8 40.
Qd4+ Kc8 41. f6+ Kb7 42. Qd6 Qf7 43. Bf5 Ka6 44. Qd8 Qh5 45. Bc8# 1-0

[Event "*** Titled Tuesday Blitz"]
[Site "Chess.com"]
[Date "2020.05.05"]
[Round "3"]
[White "putra48"]
[Black "Sam_ChessMood"]
[Result "0-1"]
[WhiteElo "2623"]
[BlackElo "2869"]
[TimeControl "180+1"]
[EndTime "10:29:53 PDT"]
[Termination "Sam_ChessMood won on time"]

1. e4 c5 2. c3 d5 3. exd5 Qxd5 4.
d4 g6 5. Na3 Bg7 6. Nf3 cxd4 7.
Nb5 Na6 8. Be3 Nf6 9. Qxd4 O-O 10. Nxa7 Qxd4 11. Bxd4 e5 12. Nxe5 Bf5 13. Nb5 Rfe8 14. Nd6 Nd7 15. Nxe8 Rxe8 16. f4 f6 17. Bc4+ Kf8 18.
O-O fxe5 19. fxe5 Ke7 20. Bd5 Nc7 21. Bxb7 Rb8 22. Bf3 Rxb2 23. a4 Na6 24. a5 Ndc5 25.
Rf2 Rb5 26. Be2 Rb8 27. g4 Be6 28. h3 Bh6 29. h4 Bg7 30. g5 Nb3 0-1

[Event "*** Titled Tuesday Blitz"]
[Site "Chess.com"]
[Date "2020.05.05"]
[Round "3"]
[White "WoolworthsManly"]
[Black "KarstenHansch"]
[Result "1-0"]
[WhiteElo "2674"]
[BlackElo "2413"]
[TimeControl "180+1"]
[EndTime "10:29:53 PDT"]
[Termination "WoolworthsManly won by resignation"]

1. e4 c6 2. d4 d5 3. e5 Bf5 4.
Nf3 e6 5. Be2 c5 6. Be3 Nc6 7.
O-O cxd4 8. Nxd4 Nge7 9. Nd2 Nxd4 10.
Bxd4 Nc6 11. Nf3 Be4 12. c3 Bxf3 13. Bxf3 Be7 14. Qb3 Qc7 15. Rfe1 O-O 16. Rad1 Rfc8 17. g3 Nxd4 18. Rxd4 Qb6 19. Qxb6 axb6 20. a3 Rc5 21. Be2 Rc7 22. Kg2 g6 23. Rd2 h5 24. h3 Ra4 25. Bb5 Ra5 26. a4 Ra8 27. f4 Rd8 28. Kf3 Kf8 29. g4 hxg4+ 30. hxg4 Kg7 31. Rh1 Rh8 32.
Rxh8 Kxh8 33. f5 Bg5 34. Rh2+ Kg8 35. f6 Rc8 36. Rh1 Rc7 37. Rd1 Bh6 38. Rd4 Bf8 39. g5 Bc5 40. Rh4 Rc8 41. Ke2 Rd8 42. Kd3 Rc8 43.
b4 Bf8 44. Rh1 Rd8 45. Ra1 Ra8 46. Bd7 Rd8 47. Bb5 Ra8 48. Kd4 Ra7 49. Bd7 Ra8 50. a5 bxa5 51. Rxa5 Rxa5 52. bxa5 Ba3 53. Bc8 Bc1 54.
Bxb7 Bxg5 55. a6 Bh4 56. Ke3 Bg5+ 57. Kf3 Bd2 58. a7 1-0

[Event "*** Titled Tuesday Blitz"]
[Site "Chess.com"]
[Date "2020.05.05"]
[Round "3"]
[White "alexsergeyev"]
[Black "NewBornNow"]
[Result "0-1"]
[WhiteElo "2381"]
[BlackElo "2596"]
[TimeControl "180+1"]
[EndTime "10:29:53 PDT"]
[Termination "NewBornNow won on time"]

1. e4 c5 2. Nc3 d6 3. Nf3 Nf6 4. g3 g6 5. Bg2 Bg7 6. O-O O-O 7. d3 Nc6 8. Qe2 Rb8 9. e5 dxe5 10. Nxe5 Nd4 11.
Qd1 b5 12. Re1 Bb7 13. Bxb7 Rxb7 14. Ne2 Nd5 15. Nxd4 cxd4 16. a4 a6 17. axb5 axb5 18.
Bd2 Qd6 19. f4 Rc8 20. c4 dxc3 21. bxc3 Nxc3 22. Bxc3 Qc5+ 23. d4 Qxc3 24. Rc1 Qxc1 25. Qxc1 Rxc1 26. Rxc1 Bxe5 27. dxe5 Kg7 28. Kf2 b4 29.
Ke3 b3 30. Rb1 f6 31. exf6+ Kxf6 32. Kd3 Kf5 33. Rb2 e5 34. fxe5 Kxe5 35. Kc3 Ke4 36. Re2+ Kf3 37. Rb2 h5 38. Kd3 g5 39. Kc3 g4 40.
Kd3 Rb8 41. Kc3 Rc8+ 42. Kd3 Rc2 43. Rxb3 Rxh2 44. Kd4+ Kg2 45. Ke4 Kh3 46. Kf4 Rf2+ 47.
Kg5 Rf3 48. Rb1 Kxg3 49. Kxh5 Rf5+ 50. Kg6 Ra5 51. Rb3+ Kh2 52. Rb2+ Kh3 53. Rb8 g3 0-1

[Event "*** Titled Tuesday Blitz"]
[Site "Chess.com"]
[Date "2020.05.05"]
[Round "3"]
[White "Anastasia_Nesytova"]
[Black "kungmongmanh"]
[Result "1-0"]
[WhiteElo "2393"]
[BlackElo "2573"]
[TimeControl "180+1"]
[EndTime "10:29:53 PDT"]
[Termination "Anastasia_Nesytova won on time"]

1. d4 Nf6 2. c4 e6 3. g3 Bb4+ 4. Bd2 Qe7 5. Bg2 O-O 6. e4 Bxd2+ 7. Qxd2 d5 8. Nc3 c5 9. e5 Ne4 10. Nxe4 dxe4 11. Bxe4 cxd4 12. Ne2 Rd8 13. Nxd4 Nc6 14.
Nxc6 bxc6 15. Qc3 Rb8 16. O-O c5 17. Rfd1 Bb7 18. Bf3 Bxf3 19. Qxf3 Rxb2 20. Rxd8+ Qxd8 21. Rd1 Qe8 22. Qc6 Qf8 23. Qc7 Rb8 24. Qxa7 Ra8 25.
Qc7 g6 26. a4 Kg7 27. a5 Rc8 28. Qd6 Qe8 29. a6 Qa4 30. Rb1 Rc6 31. Qe7 Rxa6 32. Rb8 Qd1+ 33. Kg2 Kh6 34. Qh4+ Kg7 35. Qf6+ Kh6 36. Qh4+ Qh5 37. Qe7 Qxe5 38. Qf8+ Qg7 39. Qxc5 1-0

[Event "*** Titled Tuesday Blitz"]
[Site "Chess.com"]
[Date "2020.05.05"]
[Round "3"]
[White "Phenix2k"]
[Black "EddieMarsalla"]
[Result "1-0"]
[WhiteElo "2300"]
[BlackElo "2502"]
[TimeControl "180+1"]
[EndTime "10:29:53 PDT"]
[Termination "Phenix2k won by checkmate"]

1. d4 d5 2. c4 Bf5 3. Nc3 e6 4. Nf3 Nc6 5. cxd5 exd5 6. a3 Nf6 7. Bg5 Be7 8. e3 Ne4 9. Bxe7 Nxe7 10. Rc1 c6 11. Bd3 Bg6 12. O-O f5 13. g3 Bh5 14.
Be2 O-O 15. Ne5 Bxe2 16. Qxe2 Ng6 17. Nxg6 hxg6 18. f3 Nd6 19. Qd3 Qe7 20. Rfe1 Rae8 21. b3 g5 22. f4 g4 23. Na4 Ne4 24. Nc5 Nxc5 25. Rxc5 Rf6 26. b4 a6 27. Kf2 Rh6 28. Kg1 Re6 29. Kf2 Qf6 30. Re2 g5 31.
fxg5 Qxg5 32. a4 f4 33. gxf4 Qh4+ 34. Kg1 Rh6 35. Rcc2 Kh8 36. Qd1 g3 37. Rg2 Rxe3 38. Rce2 gxh2+ 39. Kh1 Qxf4 40. Ref2 Qd6 41. Qf1 Re8 42.
Rf7 Rh7 43. Rxh7+ Kxh7 44. Qf7+ Kh6 45. Qg7+ Kh5 46. Qg5# 1-0

[Event "*** Titled Tuesday Blitz"]
[Site "Chess.com"]
[Date "2020.05.05"]
[Round "3"]
[White "Joshukid"]
[Black "ChessFunMaker"]
[Result "1-0"]
[WhiteElo "2570"]
[BlackElo "2359"]
[TimeControl "180+1"]
[EndTime "10:29:54 PDT"]
[Termination "Joshukid won by checkmate"]

1. d4 Nf6 2. Nc3 d5 3. Bf4 a6 4. e3 c5 5. dxc5 Qa5 6. Bxb8 Rxb8 7. Qd4 b6 8. cxb6 Rxb6 9. Qa4+ Qxa4 10. Nxa4 Rb4 11.
b3 e5 12. a3 Rb8 13. Nf3 Bd6 14. Be2 a5 15. O-O Bf5 16. Rfc1 O-O 17. Ne1 e4 18. h3 Be5 19. Ra2 d4 20. exd4 Bxd4 21. c3 Ba7 22. b4 Nd5 23. c4 Nf4 24. b5 Rfd8 25. Bf1 Nd3 26. Nxd3 exd3 27. Rd2 Bd4 28. Nb2 Bxb2 29. Rxb2 Rbc8 30. Rd2 Rd4 31. c5 Rd5 32. c6 Rxb5 33. Bxd3 g6 34. Bxf5 gxf5 35.
c7 Kg7 36. Rd8 Rbb8 37. cxb8=Q Rxc1+ 38. Kh2 Rh1+ 39. Kxh1 h5 40. Qe5+ Kh6 41. Qf6+ Kh7 42. Rh8# 1-0

[Event "*** Titled Tuesday Blitz"]
[Site "Chess.com"]
[Date "2020.05.05"]
[Round "3"]
[White "AvitalBor"]
[Black "Witik"]
[Result "1-0"]
[WhiteElo "2834"]
[BlackElo "2615"]
[TimeControl "180+1"]
[EndTime "10:29:55 PDT"]
[Termination "AvitalBor won by checkmate"]

1. Nf3 Nf6 2. g3 d5 3. Bg2 c6 4. O-O Bg4 5. d4 Nbd7 6. Nbd2 e6 7. Re1 Be7 8. e4 O-O 9. c3 a5 10. h3 Bh5 11. e5 Ne8 12. Nf1 a4 13. g4 Bg6 14.
Ng3 Nc7 15. g5 a3 16. b3 c5 17. h4 Nb5 18. h5 Be4 19. Nxe4 dxe4 20. Nd2 Nxc3 21. Qg4 cxd4 22. Nxe4 Nxe5 23. Qg3 Nc6 24. Nxc3 dxc3 25. h6 Ra5 26. hxg7 Re8 27. Qxc3 Bxg5 28. Be3 Qf6 29. Qxf6 Bxf6 30. Rac1 Nb4 31. Rc7 Kxg7 32. Rxb7 Nxa2 33. Be4 Nc3 34. Bd3 a2 35. Kh2 Nd5 36. Rg1+ Kh8 37. Rxf7 Be5+ 38. Kh1 Nf6 39. Bg5 a1=Q 40.
Bxf6+ Bxf6 41. Rxh7# 1-0